 Dungeon Crawl Stone Soup version 0.29.0-4-gdea44cf6ec (webtiles) character file.

Game seed: 12888327272262444471

37 qw the Chopper (level 3, -5/31 HPs)
             Began as a Minotaur Fighter on Sept 5, 2022.
             Slain by a goblin
             ... wielding a +0 dagger
             ... led by Robin
              (6 damage)
             ... on level 2 of the Dungeon.
             The game lasted 00:00:22 (1243 turns).

qw the Chopper (Minotaur Fighter)                   Turns: 1243, Time: 00:00:23

Health: -5/31      AC:  0    Str: 22    XL:     3   Next: 21%
Magic:  2/2        EV: 17    Int:  5    God:
Gold:   73         SH:  0    Dex: 14    Spells: 2/2 levels left

rFire   . . .      SeeInvis .   (weapon currently unavailable)
rCold   . . .      Faith    .   (shield currently unavailable)
rNeg    . . .      Spirit   .   (body armour currently unavailable)
rPois   .          Reflect  .   (helmet currently unavailable)
rElec   .          Harm     .   (cloak currently unavailable)
rCorr   .          Rampage  .   (gloves currently unavailable)
Will    .....                   (boots currently unavailable)
Stlth   +.........              (no amulet)
HPRegen 0.10/turn               (ring currently unavailable)
MPRegen 0.08/turn               (ring currently unavailable)

@: bat-form, flying, very quick
A: fast, flying, no casting, tiny, (horns 2), (retaliatory headbutt)
a: no special abilities


You were on level 2 of the Dungeon.
You were a bat.
You visited 1 branch of the dungeon, and saw 2 of its levels.

You collected 73 gold pieces.


Innate Abilities, Weirdness & Mutations

You are a bat.
You are tiny and dextrous.
You move quickly.
You are flying.
Your equipment is almost entirely melded.
You are incapable of wielding weapons or throwing items.
You cannot cast spells.
((You have a pair of horns on your head.))
((You reflexively headbutt those who attack you in melee.))


   Skills:
 - Level 3.6 Fighting
 - Level 4.5 Axes
 - Level 3.6 Armour
 + Level 0.0 Dodging
 - Level 3.6 Shields


You had 2 spell levels left.
You didn't know any spells.
Your spell library was empty.

Inventory:

Hand Weapons
 e - a +0 whip
 Y - a +0 war axe (melded)
Armour
 c - a +0 buckler (melded)
 f - a +0 pair of boots (melded)
 g - a +0 cloak (melded)
 h - a +0 chain mail (melded)
Potions
 d - 2 potions of might

Dungeon Overview and Level Annotations

Branches:
Dungeon (2/15)

Altars:

Annotations:
D:1 1 runed translucent door
D:2 Robin


Message History

The goblin unwields a +0 sling.
The goblin wields a +0 dagger.
The goblin hits you but does no damage.
You hit the goblin.
The goblin is moderately wounded.
You slash the goblin!
You kill the goblin!
Robin roars a battlecry!
The goblin goes into a battle-frenzy!
The goblin hits you but does no damage.
You closely miss the goblin. You headbutt the goblin.
You kill the goblin!
Robin hits you but does no damage.
Robin hits you from afar with a +1 vorpal spear.
You block the hobgoblin's attack.
You hit the hobgoblin.
You kill the hobgoblin!
Robin hits you from afar with a +1 vorpal spear.
Robin zaps a wand.
You turn into a bat.
Your +0 war axe melds into your body.
Your +0 cloak melds into your body.
Your +0 pair of boots melds into your body.
Your +0 buckler melds into your body.
Your +0 chain mail melds into your body.
You see here a +0 club.
You hit Robin but do no damage. Robin barely misses you.
You hit Robin but do no damage. The goblin hits you with a +0 dagger.
Robin hits you with a +1 vorpal spear!
You hit Robin but do no damage. Robin closely misses you.
The goblin barely misses you.
You hit Robin.
Robin is lightly wounded.
Robin closely misses you. The goblin barely misses you.
You barely miss Robin.
Robin is lightly wounded.
The goblin hits you with a +0 dagger. Robin misses you.
You hit Robin but do no damage.
Robin is lightly wounded.
Robin's horned helmet rattles.
Robin barely misses you. The goblin hits you with a +0 dagger.
You die...

#. ### #.##..
#.#..w #.#..
#.#.# .#
#.#)###g..###
#...bggg....$
#.)g###...##
#.....#
#..####...#
#..# .....
#... ..##
##.# ... #.#
## ...


You could see Robin, 2 hobgoblins and 2 goblins.

Vanquished Creatures
  4 bats (D:1)
  3 endoplasms (D:1)
  2 giant cockroaches (D:1)
  9 goblins
  4 hobgoblins
  A quokka (D:1)
  A ball python (D:1)
  3 kobolds (D:1)
  A rat (D:1)
28 creatures vanquished.

Notes
Turn   | Place    | Note
-------+----------+-------------------------------------------
     0 | D:1      | qw the Minotaur Fighter began the quest for the Orb.
     0 | D:1      | Reached XP level 1. HP: 19/19 MP: 0/0
     0 | D:1      | 0 ||| qw: Version: 0.1-a-104-g96f76f8
     0 | D:1      | 0 ||| qw: Game counter: 5890
     0 | D:1      | 0 ||| qw: Always use a shield: true
     0 | D:1      | 0 ||| qw: God list: Ru
     0 | D:1      | 0 ||| qw: Allow faded altars: false
     0 | D:1      | 0 ||| qw: Do Orc after D:15 true
     0 | D:1      | 0 ||| qw: Do second Lair branch before Depths: true
     0 | D:1      | 0 ||| qw: Lair rune preference: random
     0 | D:1      | 0 ||| qw: Plans: Normal
     0 | D:1      | 0 ||| PLANNING D:1-11
     1 | D:1      | Found a runed translucent door.
   272 | D:1      | Reached skill level 3 in Axes
   338 | D:1      | Reached XP level 2. HP: 26/26 MP: 1/1
   713 | D:1      | Reached skill level 4 in Axes
  1196 | D:1      | 1196 ||| UPGRADING to +0 pair of boots.
  1201 | D:1      | 1201 ||| UPGRADING to +0 cloak.
  1206 | D:1      | 1206 ||| UPGRADING to +0 chain mail.
  1216 | D:1      | 1216 ||| DROPPING +0 scale mail.
  1217 | D:1      | 1217 ||| READING scroll labelled ULOWNA BUAS.
  1224 | D:2      | 1224 ||| Stepping ~*~*~tactically~*~*~ (hiding).
  1225 | D:2      | 1225 ||| Stepping ~*~*~tactically~*~*~ (hiding).
  1227 | D:2      | 1227 ||| Stepping ~*~*~tactically~*~*~ (hiding).
  1229 | D:2      | 1229 ||| Stepping ~*~*~tactically~*~*~ (hiding).
  1230 | D:2      | Noticed Robin
  1231 | D:2      | Reached XP level 3. HP: 26/31 MP: 2/2
  1239 | D:2      | HP: 7/31 [Robin/+1 vorpal spear (1)]
  1242 | D:2      | HP: 1/31 [goblin/+0 dagger[Robin] (6)]
  1243 | D:2      | Slain by a goblin

Levels and vault maps discovered:
D:1:      dpeg_arrival_caged_fury, layout_basic
D:2:      layout_loops_ring, serial_shops, nicolae_shop_crystal, uniq_robin

Skill      XL: |  1  2 |
---------------+-------+-----
Axes           | 3 4 |  4.5
Fighting       | |  3.6
Armour         | |  3.6
Shields        | |  3.6

Action                   || total
-------------------------++-------
Melee: War axe           ||    49
       Headbutt          ||     8
       Unarmed           ||     6
  Use: Scroll            ||     1
Armor: Scale mail        ||    12
       Chain mail        ||     6
Dodge: Dodged            ||    21
Block: Buckler           ||     9

Table legend:
 A = Non-vault XP
 B = Vault XP
 C = Vault XP percentage of total XP
 D = Non-vault monster count
 E = Vault monster count
 F = Vault count percentage of total count
                 A         B        C        D         E       F
            +---------+---------+-------+---------+---------+-------
      Total |      37 |      16 |  30.2 |      20 |       8 |  28.6
            +---------+---------+-------+---------+---------+-------
        D:1 |      37 |       0 |   0.0 |      20 |       0 |   0.0
        D:2 |       0 |      16 | 100.0 |       0 |       8 | 100.0
            +---------+---------+-------+---------+---------+-------
